 Dungeon Crawl Stone Soup version 0.22.1-6-g1668fe2c40 (webtiles) character file.

67 Forgol the Caller (level 4, -1/30 HPs)
             Began as a Barachi Summoner on Jan 21, 2019.
             Killed from afar by an orc wizard (11 damage)
             ... with a puff of flame
             ... on level 2 of the Dungeon.
             The game lasted 00:07:32 (2493 turns).

Forgol the Caller (Barachi Summoner)                Turns: 2493, Time: 00:07:33

Health: -1/30      AC:  2    Str:  9    XL:     4   Next: 18%
Magic:  0/9        EV: 12    Int: 16    God:
Gold:   53         SH:  0    Dex: 13    Spells: 4/10 levels left

rFire    . . .     SeeInvis .   e - +0 spear
rCold    . . .     Gourm    .   (no shield)
rNeg     . . .     Faith    .   a - +0 robe
rPois    .         Spirit   .   (no helmet)
rElec    .         Reflect  .   (no cloak)
rCorr    .         Harm     .   (no gloves)
MR       .....                  (no boots)
Stlth    ++........             (no amulet)
HPRegen  0.10/turn              (no ring)
MPRegen  0.11/turn              (no ring)

@: slow
A: +LOS, swims, slowness 1, strong legs 1
a: Hop


You were on level 2 of the Dungeon.
You were not hungry.

You visited 1 branch of the dungeon, and saw 2 of its levels.

You collected 53 gold pieces.

Inventory:

Hand Weapons
 e - a +0 spear (weapon)
Armour
 a - a +0 robe (worn)
Scrolls
 d - a scroll of magic mapping {unknown}
 f - a scroll of remove curse {unknown}
 g - a scroll of identify {unknown}
 i - a scroll of fog {unknown}
 j - a scroll of enchant armour {unknown}
Potions
 b - 3 potions of curing {unknown}
Comestibles
 c - 6 rations
 h - 4 chunks of flesh


   Skills:
 - Level 2.1 Dodging
 - Level 1.7 Stealth
 + Level 3.5 Spellcasting
 + Level 5.8 Summonings


You had 4 spell levels left.
You knew the following spells:

 Your Spells              Type           Power        Failure   Level  Hunger
a - Summon Small Mammal   Summ           ###.         1%          1    None
b - Call Imp              Summ           ###.....     2%          2    ##.....
c - Call Canine Familiar  Summ           ###.....     4%          3    ###....

Your spell library contained the following spells:

 Spells                   Type           Power        Failure   Level  Hunger
 Summon Guardian Golem    Hex/Summ       ##......     16%         3    ###....
 Summon Ice Beast         Ice/Summ       ##......     47%         4    ####...
 Summon Lightning Spire   Summ/Air       ##......     47%         4    ####...


Dungeon Overview and Level Annotations

Branches:
Dungeon (2/15)

Altars:
Qazlal


Innate Abilities, Weirdness & Mutations

Shadows flee at your approach. (+LOS)
You can swim through water.
You cover ground slowly.
You can hop short distances.


Message History

Confirm with . or Enter, or press ? or * to list all spells.
You don't know that spell.
You hear some strange, mumbled words.
A puff of flame appears from out of thin air!
The puff of flame hits you!
Your white imp gestures at the orc.
The puff of frost hits the orc.
The orc dies!
The orc hits your white imp with a war axe!
The orc barely misses your crimson imp.
Your crimson imp hits the orc.
Your white imp barely misses the orc.
Your white imp disappears in a puff of smoke!
A magic dart appears from out of thin air!
The magic dart hits you!
Your crimson imp misses something.
Your crimson imp hits the orc.
The orc dies!
You hear some strange, mumbled words.
A puff of flame appears from out of thin air!
The puff of flame hits you!
You die...

...#####.....#####.#.#.#.##.##
## ##....<.......#
#.....#####.###.
#............#
##..)###.....#.#
######.......# #...# #.##.....
##.....## #...# #.##..>##
##...## #...# #.#......
##.########...###.#....#.
###.##..5...............#.
##...)5.(.@.......<....#.#.
#....)ยง..5...(.............
$..#.##.#####...##########. #
# #. #..[# #. #. #...# ## #.
#...# # ## #...# # ....# #
#..# #


You could see 3 friendly crimson imps.

Vanquished Creatures
  2 leopard geckos (D:1)
  3 bats
  2 giant cockroaches (D:1)
  2 goblins
  2 hobgoblins
  2 kobolds
  A rat (D:2)
14 creatures vanquished.

Vanquished Creatures (collateral kills)
  An orc priest (D:2)
  Terence (D:2)
  An adder (D:2)
  A dart slug (D:1)
  A leopard gecko (D:2)
  2 orcs (D:2)
  A ball python (D:2)
  4 bats
  2 giant cockroaches (D:1)
  A hobgoblin (D:2)
  A frilled lizard (D:1)
  5 goblins
  2 kobolds (D:1)
  A rat (D:1)
24 creatures vanquished.

Grand Total: 38 creatures vanquished

Notes
Turn   | Place    | Note
-------+----------+-------------------------------------------
     0 | D:1      | Forgol the Barachi Summoner began the quest for the Orb.
     0 | D:1      | Reached XP level 1. HP: 13/13 MP: 3/3
   177 | D:1      | Reached skill level 5 in Summonings
   234 | D:1      | Reached XP level 2. HP: 9/19 MP: 2/5
   884 | D:1      | Learned a level 2 spell: Call Imp
  1528 | D:2      | Reached XP level 3. HP: 15/24 MP: 3/7
  1637 | D:2      | Learned a level 3 spell: Call Canine Familiar
  1651 | D:2      | Noticed a water elemental
  1654 | D:2      | Found a stormy altar of Qazlal.
  1656 | D:2      | Noticed a fire elemental
  1656 | D:2      | Noticed an air elemental
  1657 | D:2      | Noticed an earth elemental
  2352 | D:2      | Noticed Terence
  2364 | D:2      | Killed Terence
  2485 | D:2      | Reached XP level 4. HP: 30/30 MP: 1/9
  2493 | D:2      | Killed from afar by an orc wizard

Skill      XL: |  1  2 |
---------------+-------+-----
Summonings     | 5 |  5.8
Spellcasting   | 3 |  3.5
Dodging        | |  2.1
Stealth        | |  1.7

Action                   |  1- 3 |  4- 6 || total
-------------------------+-------+-------++-------
Melee: Spear             |    64 |       ||    64
 Cast: Summon Small Mamm |    34 |       ||    34
       Call Imp          |     9 |     1 ||    10
  Eat: Chunk             |     6 |       ||     6
Armor: Robe              |    19 |     1 ||    20
Dodge: Dodged            |    62 |     1 ||    63
